 Dungeon Crawl Stone Soup version 0.27-a0-604-g29a88b33a7 (webtiles) character file.

Game seed: 10510714235721076534

12 CypherZel the Ruffian (level 2, 22/23 HPs)
             Began as a Draconian Transmuter on Mar 12, 2021.
             Quit the game on level 2 of the Dungeon.
             The game lasted 00:01:32 (1397 turns).

CypherZel the Ruffian (Draconian Transmuter)        Turns: 1397, Time: 00:01:32

Health: 22/23      AC:  4    Str: 12    XL:     2   Next: 20%
Magic:  4/5        EV: 12    Int: 13    God:
Gold:   27         SH:  0    Dex: 11    Spells: 4/5 levels left

rFire    . . .     SeeInvis .     - Unarmed
rCold    . . .     Faith    .   (no shield)
rNeg     . . .     Spirit   .   (armour unavailable)
rPois    .         Reflect  .   (helmet currently unavailable)
rElec    .         Harm     .   (no cloak)
rCorr    .         Rampage  .   (no gloves)
Will     .....                  (boots currently unavailable)
Stlth    +.........             (no amulet)
HPRegen  0.07/turn              (no ring)
MPRegen  0.09/turn              (no ring)

@: appendages (expiring)
A: unfitting armour, horns 2, talons 2, cold-blooded, AC +4
a: End Transformation


You were on level 2 of the Dungeon.
You had grown temporary horns.
You had grown temporary talons.
You visited 1 branch of the dungeon, and saw 2 of its levels.

You collected 27 gold pieces.

Inventory:

Missiles
 b - 11 poisoned darts
Scrolls
 c - 4 scrolls of identify {unknown}
 d - a scroll of noise {unknown}
 f - a scroll of teleportation {unknown}
Potions
 a - 2 potions of degeneration {unknown}
 e - 2 potions of curing {unknown}


   Skills:
 - Level 1.1 Fighting
 - Level 1.7 Dodging
 - Level 3.0 Unarmed Combat
 + Level 2.4 Spellcasting
 + Level 2.5 Transmutations


You had 4 spell levels left.
You knew the following spells:

 Your Spells              Type           Power      Damage    Failure   Level
a - Beastly Appendage     Tmut           16%        N/A       9%          1

Your spell library contained the following spells:

 Spells                   Type           Power      Damage    Failure   Level
 Wereblood                Tmut           8%         N/A       13%         2
 Spider Form              Tmut/Pois      2%         N/A       41%         3
 Ice Form                 Ice/Tmut       4%         N/A       82%         4
 Blade Hands              Tmut           4%         N/A       94%         5


Dungeon Overview and Level Annotations

Branches:
Dungeon (2/15)

Altars:


Innate Abilities, Weirdness & Mutations

Your plain brown scales are hard. (AC +4)
You cannot fit into any form of body armour.
You are cold-blooded and may be slowed by cold attacks.
You have a pair of horns on your head.
You have razor-sharp toenails.


Message History

Your transformation is almost over.
You climb downwards.
There is a stone staircase leading up here.
Okay, then.
Okay, then.
You climb upwards.
There is a stone staircase leading down here.
Your horns disappear.
Your talons disappear.
There is a stone staircase leading down here.
You climb downwards. 2 adders and a worm come into view.
The adder moves out of view.
There is a stone staircase leading up here.
You climb upwards.
There is a stone staircase leading down here.
There is a stone staircase leading down here.
You climb downwards.
There is a stone staircase leading up here.
A rat comes into view.
Okay, then.
Okay, then.
A rat is nearby!
Casting: Beastly Appendage (safe; 9% risk of failure)
Press: ? - help, Q - select action, (/) - cycle Dir - look around, f - activate You grow a pair of large bovine horns.
Your feet morph into talons.
You barely miss the rat. You claw the rat.
The rat is moderately wounded.
The rat bites you.
You closely miss the rat. You claw the rat, but do no damage.
The rat is moderately wounded.
Your transformation is almost over.
You hit the rat.
You kill the rat!
No target in view!
Unknown command.
Are you sure you want to abandon this character and quit the game? (Confirm with "yes".)
Okay, then.
Unknown command.
You are already empty-handed.
Are you sure you want to abandon this character and quit the game? (Confirm with "yes".)

..##########
.......@...#
...######.##
#.##.#
#....#
#.####
#+#####.#
#......<#
#######.#
#.#


There were no monsters in sight!

Vanquished Creatures
  3 bats (D:1)
  A giant cockroach (D:1)
  3 goblins (D:1)
  A hobgoblin (D:1)
  2 ball pythons (D:1)
  3 rats
13 creatures vanquished.

Notes
Turn   | Place    | Note
-------+----------+-------------------------------------------
     0 | D:1      | CypherZel the Draconian Transmuter began the quest for the
                  | Orb.
     0 | D:1      | Reached XP level 1. HP: 16/16 MP: 3/3
   767 | D:1      | Reached XP level 2. HP: 21/23 MP: 1/5
  1397 | D:2      | Quit the game

Illustrated notes

Levels and vault maps discovered:
D:1:      wheals_arrival_linesprint, layout_basic, minmay_cupped
D:2:      layout_basic

Action                   || total
-------------------------++-------
Melee: Unarmed           ||    26
       Kick              ||     5
       Headbutt          ||     3
       Punch             ||     1
 Cast: Beastly Appendage ||    14
Armor: Skin              ||     7
Dodge: Dodged            ||    19

Table legend: (Time is in decaauts)
 A = Elapsed time spent in this place.
 B = Non-inter-level travel time spent in this place.
 C = Inter-level travel time spent in this place.
 D = Time resting spent in this place.
 E = Time spent auto-exploring this place.
 F = Levels seen in this place.
 G = Mean time per level.
                   A        B        C        D        E       F      G
               +--------+--------+--------+--------+--------+-----+--------+
         Total |   1398 |   1293 |    105 |    315 |    848 |   2 |  699.0 |
       Dungeon |   1398 |   1293 |    105 |    315 |    848 |   2 |  699.0 |
               +--------+--------+--------+--------+--------+-----+--------+

Top non-repeatable levels by time:
     D:1: 1369 daAuts
     D:2: 29 daAuts
